 Dungeon Crawl Stone Soup version 0.22.0-49-gab54619 (webtiles) character file.

95 inc the Conjurer (level 4, -7/27 HPs)
             Began as an Octopode Fire Elementalist on Sept 6, 2018.
             Killed from afar by an orc wizard (9 damage)
             ... with a puff of frost
             ... on level 3 of the Dungeon.
             The game lasted 00:02:38 (1910 turns).

inc the Conjurer (Octopode Fire Elementalist)       Turns: 1910, Time: 00:02:39

Health: -7/27      AC:  1    Str:  7    XL:     4   Next: 65%
Magic:  2/7        EV: 13    Int: 18    God:
Gold:   84         SH:  0    Dex: 12    Spells: 6/7 levels left

rFire    + . .     SeeInvis .   d - +2 dagger (venom)
rCold    x . .     Gourm    +   (no shield)
rNeg     . . .     Faith    .   (helmet restricted)
rPois    .         Spirit   .   c - amulet of the gourmand
rElec    .         Reflect  .   g - ring of fire
rCorr    .         Harm     .   (no ring)
MR       .....                  (no ring)
Stlth    +++.......             (no ring)
HPRegen  0.09/turn              (no ring)
MPRegen  0.10/turn              (no ring)
                                (no ring)
                                (no ring)

@: no status effects
A: almost no armour, stealthy swim, amphibious, 8 rings, constrict 8, camouflage
1, gelatinous body 1
a: no special abilities


You were on level 3 of the Dungeon.
You were not hungry.

You visited 1 branch of the dungeon, and saw 3 of its levels.

You collected 84 gold pieces.

Inventory:

Hand Weapons
 d - a +2 dagger of venom (weapon)
Jewellery
 c - an amulet of the gourmand (around mantle)
 g - a ring of fire (left tentacle)
Scrolls
 a - a scroll of noise {unknown}
 e - a scroll of magic mapping {unknown}
 f - 5 scrolls of identify {unknown}
Comestibles
 b - 7 rations


   Skills:
 - Level 2.0 Dodging
 - Level 2.6 Stealth
 - Level 2.0 Spellcasting
 + Level 3.8 Conjurations
 + Level 3.6 Fire Magic


You had 6 spell levels left.
You knew the following spells:

 Your Spells              Type           Power        Failure   Level  Hunger
a - Flame Tongue          Conj/Fire      ###..        4%          1    #......

Your spell library contained the following spells:

 Spells                   Type           Power        Failure   Level  Hunger
 Throw Flame              Conj/Fire      ###...       6%          2    ###....
 Conjure Flame            Conj/Fire      ###.....     12%         3    ###....
 Inner Flame              Hex/Fire       ##......     26%         3    ###....
 Sticky Flame             Conj/Fire      ###.....     36%         4    #####..
 Fireball                 Conj/Fire      ###.......   73%         5    ######.


Dungeon Overview and Level Annotations

Branches:
Dungeon (3/15)

Altars:


Innate Abilities, Weirdness & Mutations

You cannot wear most types of armour.
You are very stealthy in the water. (Stealth+)
You are amphibious.
You can wear up to eight rings at the same time.
You can use your tentacles to constrict eight enemies at once.
Your skin changes colour to match your surroundings (Stealth+).
Your rubbery body absorbs attacks. (AC +1, EV +1)


Message History

The orc wizard points at you and mumbles some strange words.
The puff of frost hits you!
You feel a terrible chill!
* * * LOW HITPOINT WARNING * * *
The orc wizard gestures at you while chanting.
The puff of flame hits you! You resist.
* * * LOW HITPOINT WARNING * * *
Casting: Flame Tongue (safe; 4% risk of failure)
Confirm with . or Enter, or press ? or * to list all spells.
You can't see any susceptible monsters within range! (Use Z to cast anyway.)
The orc wizard hits you with a dagger.
* * * LOW HITPOINT WARNING * * *
Casting: Flame Tongue (safe; 4% risk of failure)
Confirm with . or Enter, or press ? or * to list all spells.
Aiming: Flame Tongue (safe; 4% risk of failure)
Press: ? - help, Shift-Dir - straight line, f - orc wizard
Aim: an orc wizard, wielding a dagger and wearing a robe (fast)
You feel a surge of power!
The flame tongue misses the orc wizard.
The orc wizard gestures at you while chanting.
The puff of frost hits you!
You feel a terrible chill!
You die...

######### #####
........###### #...#
.............# #...#
...###.####.#
####...#### #.# #.#
#.........# #.# #.#
#.........# #.# #.#
#.........#
#.####@#######...#.####
#......o...†..........#
#..###########...#.##.#
#..# #####)##.#
#########..# #.##.#
#..........# #)#...
#.########.## #...o.
###.#######...###
######
#.............>.#


You could see an orc wizard.

Vanquished Creatures
  A scorpion (D:3)
  An ooze (D:1)
  4 orcs (D:3)
  6 bats
  10 goblins
  3 hobgoblins
  3 jackals (D:3)
  2 frilled lizards (D:2)
  3 kobolds
  7 rats
40 creatures vanquished.

Notes
Turn   | Place    | Note
-------+----------+-------------------------------------------
     0 | D:1      | inc the Octopode Fire Elementalist began the quest for the
                  | Orb.
     0 | D:1      | Reached XP level 1. HP: 11/11 MP: 3/3
   225 | D:1      | Reached XP level 2. HP: 16/17 MP: 5/5
   843 | D:1      | Reached XP level 3. HP: 21/21 MP: 3/6
  1128 | D:1      | You fall through a shaft!
  1669 | D:3      | Noticed a scorpion
  1678 | D:3      | Killed a scorpion
  1678 | D:3      | Reached XP level 4. HP: 14/27 MP: 0/7
  1909 | D:3      | HP: 1/27 [orc wizard/dagger (2)]
  1910 | D:3      | Killed from afar by an orc wizard

Skill      XL: |  1  2  3 |
---------------+----------+-----
Conjurations   | 2 3 |  3.8
Dodging        | |  2.0
Stealth        | |  2.6
Spellcasting   | |  2.0
Fire Magic     | |  3.6

Action                   |  1- 3 |  4- 6 || total
-------------------------+-------+-------++-------
Melee: Unarmed           |     8 |       ||     8
       Tentacles         |     4 |       ||     4
       Constrict         |     3 |     1 ||     4
       Dagger            |     1 |     2 ||     3
 Cast: Flame Tongue      |    45 |    16 ||    61
  Use: Potion            |       |     1 ||     1
 Stab: Sleeping          |     1 |       ||     1
  Eat: Chunk             |     6 |       ||     6
Armor: Skin              |     2 |     1 ||     3
Dodge: Dodged            |    10 |     7 ||    17
